 Dungeon Crawl Stone Soup version 0.31-a0-1009-g454b1f1e0a (webtiles) character file.

Game seed: 8211806071876067787

153 Maratek the Trooper (level 5, 0/42 HPs)
             Began as a Demonspawn Fighter on Nov 14, 2023.
             Slain by Sigmund
             ... wielding a +0 scythe
              (5 damage)
             ... on level 3 of the Dungeon.
             The game lasted 00:02:55 (1683 turns).

Maratek the Trooper (Demonspawn Fighter)            Turns: 1683, Time: 00:02:56

Health: 0/42       AC:  8    Str: 18    XL:     5   Next: 12%
Magic:  5/5        EV:  9    Int: 10    God:
Gold:   95         SH:  0    Dex: 12    Spells: 4/4 levels left

rFire   . . .        a - +0 war axe
rCold   . . .        (no shield)
rNeg    + . .        b - +2 scale mail {rN+}
rPois   .            (no helmet)
rElec   .            (no cloak)
rCorr   .            (no gloves)
SInv    .            (no boots)
Will    .....        (no amulet) Stlth
                     (no ring)
HPRegen 0.27/turn    (no ring)
MPRegen 0.09/turn

%: no passive effects
@: no status effects
A: claws 1, powered by death 1
a: no special abilities


You were on level 3 of the Dungeon.
You visited 1 branch of the dungeon, and saw 3 of its levels.

You collected 95 gold pieces.

Inventory:

Hand Weapons
 a - a +0 war axe (weapon)
Armour
 b - a +2 scale mail of positive energy (worn)
Jewellery
 e - a ring of fire
 h - a ring of fire
Wands
 l - a wand of flame (22)
Scrolls
 c - a scroll of blinking {unknown}
 i - a scroll of fog
 k - a scroll of identify
 n - a scroll of noise {unknown}
 o - a scroll of enchant armour
Potions
 d - a potion of might
 f - a potion of invisibility
 g - a potion of attraction
 j - 3 potions of curing {unknown}
 m - a potion of lignification {unknown}


   Skills:
 + Level 3.6 Fighting
 + Level 3.3 Axes
 + Level 3.5 Armour
 + Level 0.1 Dodging
 + Level 3.1 Shields


You had 4 spell levels left.
You didn't know any spells.
Your spell library was empty.

Dungeon Overview and Level Annotations

Branches:
Dungeon (3/15)

Altars:

Annotations:
D:3 Sigmund


Innate Abilities, Weirdness & Mutations

You have sharp fingernails.
You regenerate a little health from kills.


Message History

You kill the ball python!
You barely miss Sigmund.
Sigmund points at you and mumbles some strange words.
You resist with some effort.
Unknown command.
You barely miss Sigmund. Sigmund hits you with a +0 scythe.
Unknown command.
You hit Sigmund.
Sigmund is lightly wounded.
Sigmund hits you with a +0 scythe.
Unknown command.
You are too injured to fight recklessly!
Unknown command.
You are too injured to fight recklessly!
You are too injured to fight recklessly!
You are too injured to fight recklessly!
You hit Sigmund.
Sigmund is moderately wounded.
A goblin comes into view. It is wielding a +0 club.
You barely miss Sigmund.
Sigmund is moderately wounded.
Sigmund hits you with a +0 scythe.
You hit Sigmund.
Sigmund is moderately wounded.
Sigmund points at you and mumbles some strange words.
You resist with some effort.
Sigmund gestures wildly while chanting.
Sigmund flickers and vanishes!
Deactivating autopickup; reactivate with Ctrl-A.
You hit something. Something hits you.
You closely miss something.
You hear some strange, mumbled words.
A magic dart appears from out of thin air!
The magic dart hits you!
* * * LOW HITPOINT WARNING * * *
You closely miss something. You barely miss the goblin.
The goblin hits you with a +0 club.
* * * LOW HITPOINT WARNING * * *
Something hits you.
You die...

#. ........###.#.# .
#.#. ........# #...#.#
... #.#####.#######.# ##
#.###.# ###.....# ..
...#.....###.......#####
##......................
.............##.##.#####
.#.#..)g####.#......# #
#...@# #####..### #
#..†{# ....#.##
>........ ##.##...
.......... ..#.##
........... .# #.
............ .# #.
............. #.
.............# #< #.


You could see a goblin.

Vanquished Creatures
  Natasha (thrice) (D:2)
  3 adders
  A worm (D:3)
  An orc (D:3)
  5 endoplasms
  3 giant cockroaches
  4 goblins
  3 hobgoblins
  7 jackals
  2 quokkas
  7 ball pythons
  3 bats (D:1)
  2 kobolds
  3 rats
47 creatures vanquished.

Notes
Turn   | Place    | Note
-------+----------+-------------------------------------------
     0 | D:1      | Maratek the Demonspawn Fighter began the quest for the Orb.
     0 | D:1      | Reached XP level 1. HP: 18/18 MP: 1/1
    88 | D:1      | You fall into a shaft and drop 1 floor!
   107 | D:2      | Gained mutation: You regenerate a little health from kills.
                  | [demonic ancestry]
   107 | D:2      | Reached XP level 2. HP: 24/24 MP: 2/2
   732 | D:2      | Reached XP level 3. HP: 29/29 MP: 3/3
  1054 | D:2      | Noticed Natasha
  1067 | D:2      | Killed Natasha
  1068 | D:2      | Gained mutation: You have sharp fingernails. [demonic
                  | ancestry]
  1068 | D:2      | Reached XP level 4. HP: 10/35 MP: 4/4
  1212 | D:2      | Noticed Natasha
  1227 | D:2      | Killed Natasha
  1391 | D:2      | Noticed Natasha
  1400 | D:2      | Killed Natasha
  1471 | D:3      | Reached XP level 5. HP: 40/42 MP: 5/5
  1664 | D:3      | Noticed Sigmund
  1683 | D:3      | Slain by Sigmund

Illustrated notes

Levels and vault maps discovered:
D:1:      roderic_crossed_star, layout_basic
D:2:      layout_loops_ring, uniq_natasha
D:3:      layout_basic, chequers_serial_rivers_small_a, minmay_misc_feat_alley,
          st_stairs_13, uniq_sigmund

Skill      XL: |  1  2  3  4 |
---------------+-------------+-----
Axes           | 2 3 |  3.3
Shields        | 3 |  3.1
Armour         | 3 |  3.5
Fighting       | |  3.6
Dodging        | |  0.1

Action                     |  1- 3 |  4- 6 || total
---------------------------+-------+-------++-------
  Melee: War axe           |    94 |    50 ||   144
    Use: Scroll            |     2 |     3 ||     5
 Armour: Scale mail        |     7 |    47 ||    54
         Plate armour      |    84 |     4 ||    88
  Dodge: Dodged            |    37 |    25 ||    62
  Block: Buckler           |    27 |       ||    27

Table legend: (Time is in decaauts)
 A = Elapsed time spent in this place.
 B = Non-inter-level travel time spent in this place.
 C = Inter-level travel time spent in this place.
 D = Time resting spent in this place.
 E = Time spent auto-exploring this place.
 F = Levels seen in this place.
 G = Mean time per level.
                   A        B        C        D        E       F      G
               +--------+--------+--------+--------+--------+-----+--------+
         Total |   1767 |   1728 |     39 |     54 |   1285 |   3 |  589.0 |
       Dungeon |   1767 |   1728 |     39 |     54 |   1285 |   3 |  589.0 |
               +--------+--------+--------+--------+--------+-----+--------+

Top non-repeatable levels by time:
     D:2: 825 daAuts
     D:1: 711 daAuts
     D:3: 231 daAuts
